Map: Eternal Empire LE

Players

Maxilicious

  • Race: Terran Terran
  • Spawn Location: 7:00

A.I. 1 (Very Easy) - Winner!

  • Race: Zerg Zerg
  • Spawn Location: 1:00

VOD

Have the link to the VOD?

Description

Time

  • Played on: Dec. 31, 2019, 9:43 a.m.
  • Length: 5:30
Show
View Real Time Build Order
Export as new Build Order

Maxilicious Terran 

Build Orders: Reaper Expand 

Get SALT Encoding   

  12  0:01  SCV  
  13  0:13  SCV  
  14  0:17  Supply Depot  
  14  0:25  SCV  
  15  0:39  SCV  
  15  0:41  Barracks  
  16  0:45  Refinery  
  16  0:51  SCV  
  17  1:03  SCV  
  18  1:15  SCV  
  19  1:27  Orbital Command  
  19  1:29  Reaper  
  20  1:41  Command Center  
  20  1:53  SCV  
  21  1:55  Supply Depot  
  21  2:01  Marine  
  22  2:05  SCV  
  23  2:09  Factory  
  23  2:14  Refinery  
  23  2:17  SCV  
  24  2:23  Barracks Reactor  
  24  2:29  SCV  
  25  2:41  SCV  
  26  2:53  Starport, SCV  
  26  2:54  Orbital Command  
  29  3:05  SCV  
  29  3:06  Hellion x2  
  29  3:10  Supply Depot  
  32  3:17  SCV  
  33  3:21  SCV  
  36  3:27  Hellion x2  
  36  3:31  Fusion Core  
  39  3:34  SCV x2  
  40  3:43  Starport Tech Lab  
  40  3:50  Command Center  
  40  3:52  SCV  
  40  3:53  SCV  
  42  4:00  Hellion  
  42  4:01  Hellion  
  46  4:04  Supply Depot  
  46  4:07  SCV  
  46  4:09  SCV  
  48  4:23  Battlecruiser  
  54  4:26  SCV x2  
  56  4:38  Refinery x2, SCV x2  
  56  4:45  Supply Depot  
  58  4:52  Hellion x2  
  62  5:02  SCV x2  
  62  5:04  Orbital Command  
  64  5:14  SCV x2  
Show
View Real Time Build Order
Export as new Build Order

A.I. 1 (Very Easy) Zerg - Winner!

Build Orders: Hatch First 

Get SALT Encoding   

  12  0:00  Drone  
  13  0:12  Overlord  
  13  0:16  Drone  
  14  0:43  Hatchery  
  14  0:45  Drone  
  14  1:04  Spawning Pool  
  14  1:06  Drone  
  14  1:09  Extractor  
  13  1:13  Drone  
  14  1:21  Overlord  
  14  1:51  Queen  
  14  1:52  Zergling x2  
  18  1:54  Zergling x2  
  18  1:58  Roach Warren  
  17  2:04  Drone  
  17  2:08  Extractor  
  17  2:12  Drone  
  18  2:17  Zergling x2  
  18  2:22  Drone  
  20  2:29  Drone  
  21  2:36  Drone  
  22  2:43  Drone  
  23  2:50  Drone  
  24  2:57  Drone  
  25  3:04  Roach  
  25  3:05  Drone  
  28  3:10  Overlord  
  28  3:15  Drone  
  29  3:22  Drone  
  30  3:29  Drone  
  31  3:36  Drone  
  32  3:43  Drone  
  32  3:46  Overlord  
  33  3:50  Roach  
  33  3:51  Drone  
  33  3:55  Lair  
  36  3:58  Drone  
  37  4:05  Drone  
  38  4:13  Drone  
  39  4:20  Drone  
  40  4:27  Drone  
  40  4:28  Overlord  
  41  4:34  Drone  
  41  4:36  Roach  
  44  4:41  Drone  
  45  4:49  Drone  
  46  4:53  Overseer  
  46  4:55  Overseer  
  46  4:56  Drone  
  47  5:00  Extractor  
  47  5:03  Extractor, Drone  
  46  5:10  Drone  
  47  5:17  Drone  
Tags
 
Add a new tag
Caveats
  • Supply blocks, unpowered buildings, or Contaminate may cause inaccurate times.
  • Supply counts are checked every 10 seconds.